GCL
ATLANTA (GCL) BRAVES @ TAMPA BAY (GCL) RAYS
08/26/2104
 
TOP OF THE 1ST
Atlanta (GCL) Braves batting - Pitching for Tampa Bay (GCL) Rays : RHP Ronnie Hoover
Pitching: RHP Ronnie Hoover
Batting: LHB Juan Conde 0-0: Ground out 5-3 (Groundball, 56, EV 85.0 MPH)
Batting: RHB Beau Burns 0-0: Fly out, F7 (Flyball, 7LS, EV 90.6 MPH)
Batting: RHB Korbyn May 0-0: Called Strike
0-1: Ball
1-1: Ground out 5-3 (Groundball, 56, EV 81.3 MPH)
Top of the 1st over - 0 runs, 0 hits, 0 errors, 0 left on base; Atlanta (GCL) 0 - Tampa Bay (GCL) 0
BOTTOM OF THE 1ST
Tampa Bay (GCL) Rays batting - Pitching for Atlanta (GCL) Braves : LHP Bobby Olivares
Pitching: LHP Bobby Olivares
Batting: LHB Randy McCartan 0-0: Ground out 4-3 (Groundball, 4, EV 89.4 MPH)
Batting: SHB Nate Harvell 0-0: Swinging Strike
0-1: Called Strike
0-2: Strikes out swinging
Batting: SHB Isaiah Barnes 0-0: Called Strike
0-1: Ball
1-1: Swinging Strike
1-2: Foul Ball, location: 2F
1-2: Foul Ball, location: 2F
1-2: Ball
2-2: Ball
3-2: Foul Ball, location: 2F
3-2: Base on Balls
Batting: LHB Costantino Cilento 0-0: SINGLE (Groundball, 6MD, EV 108.1 MPH)
Isaiah Barnes to second
Batting: SHB Jeremy Edwards 0-0: Called Strike
0-1: Swinging Strike
0-2: Ball
1-2: Foul Ball, location: 7LMFF
1-2: Foul Ball, location: 2LF
1-2: Strikes out swinging
Bottom of the 1st over - 0 runs, 1 hit, 0 errors, 2 left on base; Atlanta (GCL) 0 - Tampa Bay (GCL) 0
TOP OF THE 2ND
Atlanta (GCL) Braves batting - Pitching for Tampa Bay (GCL) Rays : RHP Ronnie Hoover
Batting: RHB Clemente Soledade 0-0: Ball
1-0: Called Strike
1-1: SINGLE (Groundball, 34D, EV 95.6 MPH)
Batting: LHB Oscarli Javier King 0-0: SINGLE (Groundball, 5D, EV 101.3 MPH)
Clemente Soledade to second
Batting: RHB Lauro Pisani 0-0: Ball
1-0: Swinging Strike
1-1: Fly out, F8 (Flyball, 8LXD, EV 78.1 MPH)
Batting: LHB Glaucio Aspera 0-0: Ball
1-0: Ball
2-0: Ball
3-0: Base on Balls
Clemente Soledade to third
Oscarli Javier King to second
Batting: RHB Mike Braxton 0-0: Ball
1-0: Ball
2-0: Ball
3-0: Called Strike
3-1: Base on Balls
Clemente Soledade scores
Oscarli Javier King to third
Glaucio Aspera to second
Pitching: RHP Willie Martell
Batting: RHB Andres Durazo 0-0: Ball
1-0: Called Strike
1-1: SINGLE (Line Drive, 8LS, EV 102.5 MPH)
Oscarli Javier King scores
Glaucio Aspera to third
Mike Braxton to second
Batting: LHB Juan Conde 0-0: Swinging Strike
0-1: Called Strike
0-2: Strikes out swinging
Batting: RHB Beau Burns 0-0: Swinging Strike
0-1: Fly out, F9 (Line Drive, 9LM, EV 95.6 MPH)
Top of the 2nd over - 2 runs, 3 hits, 0 errors, 3 left on base; Atlanta (GCL) 2 - Tampa Bay (GCL) 0
BOTTOM OF THE 2ND
Tampa Bay (GCL) Rays batting - Pitching for Atlanta (GCL) Braves : LHP Bobby Olivares
Pitching: RHP Gerbrand Schelling
Batting: LHB Mike Huss 0-0: Ball
1-0: Ball
2-0: Called Strike
2-1: Foul Ball, location: 5F
2-2: SINGLE (Groundball, 4MD, EV 98.1 MPH)
Batting: LHB Jon Prieto 0-0: Fly out, F9 (Flyball, 89M, EV 97.5 MPH)
Batting: RHB Joel Zuniga 0-0: Ball
1-0: Swinging Strike
1-1: Ball
2-1: Ball
3-1: Foul Ball, location: 5SF
3-2: Base on Balls
Mike Huss to second
Batting: SHB Danny Gonzales 0-0: Called Strike
0-1: Ball
1-1: Fly out, F6 (Popup, 6M, EV 77.5 MPH)
Batting: LHB Randy McCartan 0-0: Called Strike
0-1: Foul Ball, location: 3FF
0-2: Ball
1-2: Foul Ball, location: 2F
1-2: Ball
2-2: SINGLE (Groundball, 2L, EV 57.5 MPH) (infield hit)
Mike Huss to third
Joel Zuniga to second
Batting: SHB Nate Harvell 0-0: Swinging Strike
0-1: Called Strike
0-2: Strikes out swinging
Bottom of the 2nd over - 0 runs, 2 hits, 0 errors, 3 left on base; Atlanta (GCL) 2 - Tampa Bay (GCL) 0
TOP OF THE 3RD
Atlanta (GCL) Braves batting - Pitching for Tampa Bay (GCL) Rays : RHP Willie Martell
Batting: RHB Korbyn May 0-0: Ball
1-0: Swinging Strike
1-1: Called Strike
1-2: Strikes out swinging
Batting: RHB Clemente Soledade 0-0: Ball
1-0: Called Strike
1-1: Ball
2-1: Ball
3-1: Base on Balls
Batting: LHB Oscarli Javier King 0-0: Foul Ball, location: 7LSF
0-1: Ball
1-1: Foul Ball, location: 5F
1-2: Ball
2-2: Grounds into double play, 4-6-3 (Groundball, 34, EV 89.4 MPH)
Top of the 3rd over - 0 runs, 0 hits, 0 errors, 0 left on base; Atlanta (GCL) 2 - Tampa Bay (GCL) 0
BOTTOM OF THE 3RD
Tampa Bay (GCL) Rays batting - Pitching for Atlanta (GCL) Braves : RHP Gerbrand Schelling
Batting: SHB Isaiah Barnes 0-0: Called Strike
0-1: SOLO HOME RUN (Flyball, 9D, EV 98.1 MPH), Distance : 404 ft
Batting: LHB Costantino Cilento 0-0: Ball
1-0: Ball
2-0: Ball
3-0: Called Strike
3-1: Foul Ball, location: 23FF
3-2: Strikes out looking
Batting: SHB Jeremy Edwards 0-0: Ball
1-0: Ball
2-0: Fly out, F9 (Flyball, 9S, EV 91.3 MPH)
Batting: LHB Mike Huss 0-0: Called Strike
0-1: DOUBLE (Flyball, 8LXD, EV 98.1 MPH)
Batting: LHB Jon Prieto 0-0: Ball
1-0: Called Strike
1-1: Ball
2-1: Called Strike
2-2: SINGLE (Line Drive, 78S, EV 95.0 MPH)
Mike Huss to third
Batting: RHB Joel Zuniga 0-0: Ball
1-0: Ball
2-0: Foul Ball, location: 25F
2-1: Fly out, F8 (Flyball, 78S, EV 95.0 MPH)
Bottom of the 3rd over - 1 run, 3 hits, 0 errors, 2 left on base; Atlanta (GCL) 2 - Tampa Bay (GCL) 1
TOP OF THE 4TH
Atlanta (GCL) Braves batting - Pitching for Tampa Bay (GCL) Rays : RHP Willie Martell
Batting: RHB Lauro Pisani 0-0: Called Strike
0-1: Swinging Strike
0-2: Strikes out swinging
Batting: LHB Glaucio Aspera 0-0: Fly out, F8 (Line Drive, 8RS, EV 105.6 MPH)
Batting: RHB Mike Braxton 0-0: Called Strike
0-1: Swinging Strike
0-2: Ball
1-2: Fly out, F7 (Flyball, 7D, EV 111.3 MPH)
Top of the 4th over - 0 runs, 0 hits, 0 errors, 0 left on base; Atlanta (GCL) 2 - Tampa Bay (GCL) 1
BOTTOM OF THE 4TH
Tampa Bay (GCL) Rays batting - Pitching for Atlanta (GCL) Braves : RHP Gerbrand Schelling
Batting: SHB Danny Gonzales 0-0: Called Strike
0-1: Foul Ball, location: 2F
0-2: SINGLE (Line Drive, 56D, EV 95.6 MPH)
Batting: LHB Randy McCartan 0-0: Foul Ball, location: 7LMF
0-1: Ball
1-1: Foul Ball, location: 2F
1-2: Foul Ball, location: 3F
1-2: Ball
2-2: Foul Ball, location: 5DF
2-2: Ball
3-2: Foul Ball, location: 9LSF
3-2: DOUBLE (Flyball, 8LXD, EV 99.4 MPH)
Danny Gonzales to third
Batting: SHB Nate Harvell 0-0: Ball
1-0: Ball
2-0: Foul Ball, location: 7LDF
2-1: SINGLE (Groundball, 34D, EV 96.3 MPH)
Danny Gonzales scores
Randy McCartan to third
Batting: SHB Isaiah Barnes 0-0: Called Strike
0-1: Called Strike
0-2: Strikes out swinging
Batting: LHB Costantino Cilento 0-0: Fly out, F8 (Flyball, 8LS, EV 91.9 MPH)
Pinch Hitting: RHB Carlos Marez 0-0: Ball
1-0: Foul Ball, location: 7LSF
1-1: SINGLE (Groundball, 4MD, EV 100.6 MPH)
Randy McCartan scores
Nate Harvell to second
Batting: LHB Mike Huss 0-0: Called Strike
0-1: Ball
1-1: Called Strike
1-2: Ball
2-2: Ball
3-2: Foul Ball, location: 2F
3-2: Fly out, F3 (Popup, 3SF, EV 83.1 MPH)
Bottom of the 4th over - 2 runs, 4 hits, 0 errors, 2 left on base; Atlanta (GCL) 2 - Tampa Bay (GCL) 3
TOP OF THE 5TH
Atlanta (GCL) Braves batting - Pitching for Tampa Bay (GCL) Rays : RHP Willie Martell
Now in RF: Fernando Camarillo
Batting: RHB Andres Durazo 0-0: Called Strike
0-1: Ball
1-1: Ball
2-1: Called Strike
2-2: Ball
3-2: Base on Balls
Batting: LHB Juan Conde 0-0: Bunt - Flyout to 2R! F2
Pinch Hitting: LHB Manny Taylor 0-0: Called Strike
0-1: Ball
1-1: Ball
2-1: Foul Ball, location: 2F
2-2: SINGLE (Line Drive, 6D, EV 97.5 MPH)
Andres Durazo to second
Batting: RHB Korbyn May 0-0: Called Strike
0-1: Ball
1-1: Foul Ball, location: 2F
1-2: Foul Ball, location: 7LDF
1-2: SINGLE (Groundball, 34D, EV 103.1 MPH)
Andres Durazo to third
Manny Taylor to second
Pitching: RHP Nick Bell
Batting: RHB Clemente Soledade 0-0: Ball
1-0: Ball
2-0: Called Strike
2-1: Foul Ball, location: 23F
2-2: Strikes out swinging
Pinch Hitting: RHB David Valera 0-0: Ball
1-0: Ball
2-0: Swinging Strike
2-1: Swinging Strike
2-2: Ball
3-2: Base on Balls
Andres Durazo scores
Manny Taylor to third
Korbyn May to second
Batting: LHB Jeff Nordquist 0-0: Ball
1-0: Swinging Strike
1-1: Foul Ball, location: 2F
1-2: Foul Ball, location: 5F
1-2: Ball
2-2: Ball
3-2: Strikes out swinging
Top of the 5th over - 1 run, 2 hits, 0 errors, 3 left on base; Atlanta (GCL) 3 - Tampa Bay (GCL) 3
BOTTOM OF THE 5TH
Tampa Bay (GCL) Rays batting - Pitching for Atlanta (GCL) Braves : RHP Gerbrand Schelling
Now in LF: Mike Galvan
Now in RF: David Sendas
Pinch Hitting: SHB Scott Hall 0-0: Ball
1-0: Called Strike
1-1: Ball
2-1: Ball
3-1: Ground out 5-3 (Groundball, 5, EV 88.1 MPH)
Batting: RHB Joel Zuniga 0-0: Ground out 6-3 (Groundball, 6, EV 105.6 MPH)
Batting: SHB Danny Gonzales 0-0: Called Strike
0-1: Called Strike
0-2: Strikes out swinging
Bottom of the 5th over - 0 runs, 0 hits, 0 errors, 0 left on base; Atlanta (GCL) 3 - Tampa Bay (GCL) 3
TOP OF THE 6TH
Atlanta (GCL) Braves batting - Pitching for Tampa Bay (GCL) Rays : RHP Nick Bell
Now at 1B: Armando Dominguez
Batting: LHB Glaucio Aspera 0-0: Ball
1-0: Fly out, F6 (Popup, 15, EV 75.6 MPH)
Batting: RHB Mike Braxton 0-0: Ball
1-0: Ball
2-0: Fly out, F8 (Flyball, 78M, EV 98.8 MPH)
Batting: RHB Andres Durazo 0-0: Foul Ball, location: 9LSF
0-1: Ball
1-1: Ball
2-1: Foul Ball, location: 5DF
2-2: Ball
3-2: Base on Balls
Batting: LHB Juan Conde 0-0: Called Strike
0-1: Swinging Strike
0-2: Ball
1-2: Ball
2-2: Ball
3-2: Foul Ball, location: 7LMF
3-2: Base on Balls
Andres Durazo to second
Pitching: RHP Jim Unknown
Batting: LHB Mike Galvan 0-0: Called Strike
0-1: Ball
1-1: Called Strike
1-2: Ball
2-2: Strikes out swinging
Top of the 6th over - 0 runs, 0 hits, 0 errors, 2 left on base; Atlanta (GCL) 3 - Tampa Bay (GCL) 3
BOTTOM OF THE 6TH
Tampa Bay (GCL) Rays batting - Pitching for Atlanta (GCL) Braves : RHP Gerbrand Schelling
Batting: LHB Randy McCartan 0-0: Called Strike
0-1: Ball
1-1: Ground out U3 (Groundball, 34, EV 105.6 MPH)
Batting: SHB Nate Harvell 0-0: SINGLE (Groundball, 34D, EV 107.5 MPH)
Batting: SHB Isaiah Barnes 0-0: Fly out, F8 (Flyball, 8LM, EV 86.3 MPH)
Batting: LHB Costantino Cilento 0-0: Called Strike
0-1: Fly out, F6 (Popup, 4MS, EV 63.8 MPH)
Bottom of the 6th over - 0 runs, 1 hit, 0 errors, 1 left on base; Atlanta (GCL) 3 - Tampa Bay (GCL) 3
TOP OF THE 7TH
Atlanta (GCL) Braves batting - Pitching for Tampa Bay (GCL) Rays : RHP Jim Unknown
Batting: RHB Korbyn May 0-0: Ball
1-0: SINGLE (Line Drive, 3D, EV 98.8 MPH)
Batting: RHB Clemente Soledade
Pinch Hitting: RHB Jimmy Cincoski 0-0: Ball
1-0: Ball
2-0: Ball
3-0: Called Strike
3-1: Base on Balls
Korbyn May to second
Batting: RHB David Sendas 0-0: Ball
1-0: Called Strike
1-1: Ball
2-1: Called Strike
2-2: Ball
3-2: Foul Ball, location: 2F
3-2: Base on Balls
Korbyn May to third
Jimmy Cincoski to second
Batting: LHB Jeff Nordquist 0-0: SINGLE (Groundball, 4MD, EV 103.8 MPH)
Korbyn May scores
Jimmy Cincoski to third
David Sendas to second
Batting: LHB Glaucio Aspera 0-0: Foul Ball, location: 2F
0-1: Ball
1-1: Fly out, F8 (Flyball, 8RS, EV 89.4 MPH)
Batting: RHB Mike Braxton 0-0: Ball
1-0: Swinging Strike
1-1: Ball
2-1: Called Strike
2-2: Grounds into fielders choice 4-2 (Groundball, 4M, EV 98.1 MPH)
David Sendas to third
Jeff Nordquist to second
Batting: RHB Andres Durazo 0-0: Fly out, F9 (Flyball, 9, EV 86.9 MPH)
Top of the 7th over - 1 run, 2 hits, 0 errors, 3 left on base; Atlanta (GCL) 4 - Tampa Bay (GCL) 3
BOTTOM OF THE 7TH
Tampa Bay (GCL) Rays batting - Pitching for Atlanta (GCL) Braves : RHP Gerbrand Schelling
Now in CF: Alex Reynoso
Pinch Hitting: SHB Kevin Lents 0-0: Ball
1-0: Ball
2-0: SINGLE (Line Drive, 56D, EV 106.9 MPH)
Pitching: LHP Daniel Pethoud
Batting: LHB Mike Huss 0-0: DOUBLE (Flyball, 78XD, EV 91.3 MPH)
Kevin Lents to third
Pitching: RHP Roland Carroll
Pinch Hitting: LHB Marcos Rosario 0-0: Called Strike
0-1: Swinging Strike
0-2: Ball
1-2: Ball
2-2: Strikes out swinging
Pinch Hitting: LHB Scott Miller 0-0: Ball
1-0: Swinging Strike
1-1: Ball
2-1: Called Strike
2-2: Fly out, F7 (Flyball, 78M, EV 90.6 MPH)
Pinch Hitting: RHB Vince Lucas 0-0: Ball
1-0: Foul Ball, location: 5FF
1-1: Ball
2-1: Ball
3-1: Called Strike
3-2: SINGLE (Flyball, 34D, EV 78.8 MPH)
Kevin Lents scores
Mike Huss to third
Batting: LHB Randy McCartan 0-0: Ball
1-0: Called Strike
1-1: Called Strike
1-2: Strikes out swinging
Bottom of the 7th over - 1 run, 3 hits, 0 errors, 2 left on base; Atlanta (GCL) 4 - Tampa Bay (GCL) 4
TOP OF THE 8TH
Atlanta (GCL) Braves batting - Pitching for Tampa Bay (GCL) Rays : RHP Jim Unknown
Now at 1B: William Garcia
Now at SS: Kevin DesMarais
Now in LF: Randy McCartan
Now in CF: Carlos Franco
Now in RF: Jose Sanches
Pinch Hitting: RHB Joe Matthews 0-0: Called Strike
0-1: Ball
1-1: Ball
2-1: Foul Ball, location: 25F
2-2: Ball
3-2: Foul Ball, location: 2F
3-2: Foul Ball, location: 23FF
3-2: Foul Ball, location: 23F
3-2: SINGLE (Line Drive, 6D, EV 109.4 MPH)
Batting: LHB Mike Galvan 0-0: SINGLE (Line Drive, 34D, EV 98.1 MPH)
Joe Matthews to second
Batting: RHB Korbyn May 0-0: Foul Ball, location: 5F
0-1: Ball
1-1: Foul Ball, location: 2F
1-2: Foul Ball, location: 7LMF
1-2: Strikes out swinging
Batting: RHB Alex Reynoso 0-0: Ball
1-0: Ball
2-0: Called Strike
2-1: Called Strike
2-2: Ball
3-2: Foul Ball, location: 5FF
3-2: Foul Ball, location: 2F
3-2: DOUBLE (Line Drive, 5D, EV 93.8 MPH)
Joe Matthews scores
Mike Galvan to third
Batting: RHB David Sendas 0-0: Ball
1-0: Ball
2-0: Ball
3-0: Called Strike
3-1: Base on Balls
Pitching: RHP Jim Unknown
Batting: LHB Jeff Nordquist 0-0: Called Strike
0-1: Fly out, F8 (Flyball, 8RM, EV 86.9 MPH)
Runner from 3rd tags up, SCORES, no throw by CF
Batting: LHB Glaucio Aspera 0-0: Ball
1-0: Foul Ball, location: 5F
1-1: Ball
2-1: Ball
3-1: Foul Ball, location: 5SF
3-2: Foul Ball, location: 2F
3-2: Base on Balls
Alex Reynoso to third
David Sendas to second
Batting: RHB Mike Braxton 0-0: Ground out 6-3 (Groundball, 6MS, EV 81.3 MPH)
Top of the 8th over - 2 runs, 3 hits, 0 errors, 3 left on base; Atlanta (GCL) 6 - Tampa Bay (GCL) 4
BOTTOM OF THE 8TH
Tampa Bay (GCL) Rays batting - Pitching for Atlanta (GCL) Braves : RHP Roland Carroll
Pitching: RHP Jorge Villa
Now at 2B: Pedro Roman
Batting: SHB Nate Harvell 0-0: Ball
1-0: Ball
2-0: Ball
3-0: Base on Balls
Batting: SHB Isaiah Barnes 0-0: Swinging Strike
0-1: Swinging Strike
0-2: Fielders Choice at 2nd, 4-6 (Groundball, 4M, EV 88.8 MPH)
Batting: LHB Costantino Cilento 0-0: SINGLE (Groundball, 6MD, EV 101.3 MPH)
Isaiah Barnes to second
Pinch Runner at 2nd Jose Castro:
Pinch Hitting: RHB Chris Ballance 0-0: Called Strike
0-1: Ball
1-1: Foul Ball, location: 3DF
1-2: Ball
2-2: Strikes out swinging
Batting: LHB Mike Huss 0-0: Called Strike
0-1: Foul Ball, location: 2F
0-2: Ball
1-2: Foul Ball, location: 2F
1-2: Ball
2-2: Fielders Choice at 2nd, 5-4 (Groundball, 56, EV 80.6 MPH)
Bottom of the 8th over - 0 runs, 1 hit, 0 errors, 2 left on base; Atlanta (GCL) 6 - Tampa Bay (GCL) 4
TOP OF THE 9TH
Atlanta (GCL) Braves batting - Pitching for Tampa Bay (GCL) Rays : RHP Jim Unknown
Now at 3B: Kevin Keene
Now at SS: Costantino Cilento
Batting: RHB Andres Durazo 0-0: Called Strike
0-1: Swinging Strike
0-2: Ball
1-2: Fly out, F3 (Popup, 3SF, EV 82.5 MPH)
Batting: RHB Pedro Roman 0-0: Ball
1-0: Ground out 6-3 (Groundball, 6, EV 91.3 MPH)
Batting: LHB Mike Galvan 0-0: Called Strike
0-1: Ball
1-1: Ball
2-1: Ball
3-1: Base on Balls
Batting: RHB Korbyn May 0-0: Ball
1-0: Ball
2-0: SINGLE (Line Drive, 9S, EV 89.4 MPH)
Mike Galvan to second
Batting: RHB Alex Reynoso 0-0: Called Strike
0-1: Ball
1-1: Fly out, F4 (Flyball, 4D, EV 90.6 MPH)
Top of the 9th over - 0 runs, 1 hit, 0 errors, 2 left on base; Atlanta (GCL) 6 - Tampa Bay (GCL) 4
BOTTOM OF THE 9TH
Tampa Bay (GCL) Rays batting - Pitching for Atlanta (GCL) Braves : RHP Jorge Villa
Now at SS: Vicente Ramos
Pinch Hitting: RHB Rich Gandara 0-0: Swinging Strike
0-1: Ball
1-1: Called Strike
1-2: Ground out 6-3 (Groundball, 6, EV 82.5 MPH)
Pinch Hitting: RHB Brendon Richard 0-0: Ball
1-0: Fly out, F9 (Flyball, 9LSF, EV 96.3 MPH)
Pinch Hitting: RHB Ricardo Rubio 0-0: Called Strike
0-1: Ball
1-1: Fly out, F5 (Line Drive, 5, EV 73.1 MPH)
Bottom of the 9th over - 0 runs, 0 hits, 0 errors, 0 left on base; Atlanta (GCL) 6 - Tampa Bay (GCL) 4
Thursday, November 7th , 2024 - OOTP Baseball 25.10 Build 95